PAA
ATLANTIC CITY SONICS @ CHESAPEAKE CONTINENTALS
07/27/2034
 
TOP OF THE 1ST
Atlantic City Sonics batting - Pitching for Chesapeake Continentals : LHP Noe Toepfer
Pitching: LHP Noe Toepfer
Batting: RHB Toyozo Yamasaki 0-0: Ball
1-0: Ball
2-0: Swinging Strike
2-1: Fly out, F8 (Flyball, 78S)
Batting: RHB Kendrick Drumgoole 0-0: Ball
1-0: Foul Ball, location: 2F
1-1: Ball
2-1: Called Strike
2-2: Strikes out swinging
Batting: RHB Jeff Quesenberry 0-0: Ground out 6-3 (Groundball, 6)
Top of the 1st over - 0 runs, 0 hits, 0 errors, 0 left on base; Atlantic City 0 - Chesapeake 0
BOTTOM OF THE 1ST
Chesapeake Continentals batting - Pitching for Atlantic City Sonics : LHP Ron Fernández
Pitching: LHP Ron Fernández
Batting: RHB Tony Calhoun 0-0: Ground out 6-3 (Groundball, 6)
Batting: RHB Phil Oostermeer 0-0: Ball
1-0: SOLO HOME RUN (Line Drive, 9D), Distance : 369 ft
Batting: RHB Santiago Valentín 0-0: Called Strike
0-1: Ground out 5-3 (Groundball, 56)
Batting: RHB Gil Andersen 0-0: Foul Ball, location: 2F
0-1: Ground out 1-3 (Groundball, P)
Bottom of the 1st over - 1 run, 1 hit, 0 errors, 0 left on base; Atlantic City 0 - Chesapeake 1
TOP OF THE 2ND
Atlantic City Sonics batting - Pitching for Chesapeake Continentals : LHP Noe Toepfer
Batting: RHB John Willoughby 0-0: Called Strike
0-1: Ball
1-1: Ball
2-1: Swinging Strike
2-2: Ground out 4-3 (Groundball, 4S)
Batting: RHB Alejandro Sánchez 0-0: Ball
1-0: Called Strike
1-1: Ground out 4-3 (Groundball, 4M)
Batting: RHB Gary Jenkins 0-0: Called Strike
0-1: Ball
1-1: Ball
2-1: Foul Ball, location: 2F
2-2: Ball
3-2: Foul Ball, location: 2F
3-2: Foul Ball, location: 2F
3-2: Strikes out swinging
Top of the 2nd over - 0 runs, 0 hits, 0 errors, 0 left on base; Atlantic City 0 - Chesapeake 1
BOTTOM OF THE 2ND
Chesapeake Continentals batting - Pitching for Atlantic City Sonics : LHP Ron Fernández
Batting: LHB Raphaël Duval 0-0: Ball
1-0: Ball
2-0: Called Strike
2-1: Ball
3-1: Called Strike
3-2: Base on Balls
Batting: RHB Nick Bechtel 0-0: Foul Ball, location: 2F
0-1: Swinging Strike
0-2: Foul Ball, location: 2F
0-2: Ball
1-2: Foul Ball, location: 2F
1-2: Strikes out swinging
Batting: RHB Manuel Ángel 0-0: Ball
1-0: Grounds into double play, 6-4-3 (Groundball, 56)
Bottom of the 2nd over - 0 runs, 0 hits, 0 errors, 0 left on base; Atlantic City 0 - Chesapeake 1
TOP OF THE 3RD
Atlantic City Sonics batting - Pitching for Chesapeake Continentals : LHP Noe Toepfer
Batting: LHB Bryce Abood 0-0: Swinging Strike
0-1: Ball
1-1: Ball
2-1: Ball
3-1: Ground out U3 (Groundball, 23)
Batting: LHB António Casas 0-0: Called Strike
0-1: Foul Ball, location: 2F
0-2: Ball
1-2: Strikes out swinging
Batting: LHB Scotty Mitchell 0-0: Called Strike
0-1: Foul Ball, location: 2F
0-2: Ball
1-2: Ball
2-2: Foul Ball, location: 2F
2-2: Strikes out swinging
Top of the 3rd over - 0 runs, 0 hits, 0 errors, 0 left on base; Atlantic City 0 - Chesapeake 1
BOTTOM OF THE 3RD
Chesapeake Continentals batting - Pitching for Atlantic City Sonics : LHP Ron Fernández
Batting: RHB Mark Sawyer 0-0: Ball
1-0: Ball
2-0: Ball
3-0: Base on Balls
Batting: RHB Shou-chien Luo 0-0: Fly out, F9 (Flyball, 9LMF)
Batting: RHB Tony Calhoun 0-0: Ball
1-0: Ball
2-0: Ball
3-0: Called Strike
3-1: Called Strike
3-2: Fly out, F8 (Flyball, 89D)
Batting: RHB Phil Oostermeer 0-0: Fly out, F4 (Popup, 4D)
Bottom of the 3rd over - 0 runs, 0 hits, 0 errors, 1 left on base; Atlantic City 0 - Chesapeake 1
TOP OF THE 4TH
Atlantic City Sonics batting - Pitching for Chesapeake Continentals : LHP Noe Toepfer
Batting: RHB Toyozo Yamasaki 0-0: Ball
1-0: Ball
2-0: Ball
3-0: Called Strike
3-1: Fly out, F7 (Flyball, 78M)
Batting: RHB Kendrick Drumgoole 0-0: Called Strike
0-1: Fly out, F8 (Flyball, 8RD)
Batting: RHB Jeff Quesenberry 0-0: Swinging Strike
0-1: Swinging Strike
0-2: Strikes out looking
Top of the 4th over - 0 runs, 0 hits, 0 errors, 0 left on base; Atlantic City 0 - Chesapeake 1
BOTTOM OF THE 4TH
Chesapeake Continentals batting - Pitching for Atlantic City Sonics : LHP Ron Fernández
Batting: RHB Santiago Valentín 0-0: Ball
1-0: Called Strike
1-1: Foul Ball, location: 2F
1-2: Ball
2-2: Strikes out swinging
Batting: RHB Gil Andersen 0-0: Reached on error, E1 (Groundball, 13)
Batting: LHB Raphaël Duval 0-0: Called Strike
0-1: Ball
1-1: Grounds into double play, 4-6-3 (Groundball, 4)
Bottom of the 4th over - 0 runs, 0 hits, 1 error, 0 left on base; Atlantic City 0 - Chesapeake 1
TOP OF THE 5TH
Atlantic City Sonics batting - Pitching for Chesapeake Continentals : LHP Noe Toepfer
Batting: RHB John Willoughby 0-0: Ball
1-0: Foul Ball, location: 2F
1-1: Foul Ball, location: 2F
1-2: Fly out, F6 (Line Drive, 6M)
Batting: RHB Alejandro Sánchez 0-0: Ball
1-0: Ball
2-0: SINGLE (Groundball, 6MD)
Batting: RHB Gary Jenkins 0-0: Called Strike
0-1: Foul Ball, location: 2F
0-2: Foul Ball, location: 2F
0-2: Ball
1-2: Strikes out swinging
Batting: LHB Bryce Abood 0-0: Swinging Strike
0-1: Foul Ball, location: 2F
0-2: Ball
1-2: Ball
2-2: Ball
3-2: Strikes out looking
Top of the 5th over - 0 runs, 1 hit, 0 errors, 1 left on base; Atlantic City 0 - Chesapeake 1
BOTTOM OF THE 5TH
Chesapeake Continentals batting - Pitching for Atlantic City Sonics : LHP Ron Fernández
Batting: RHB Nick Bechtel 0-0: Ball
1-0: Ball
2-0: Swinging Strike
2-1: Ball
3-1: Swinging Strike
3-2: Base on Balls
Batting: RHB Manuel Ángel 0-0: Bunted foul
0-1: Ball
1-1: Bunted foul
1-2: Foul Ball, location: 2F
1-2: Fielders Choice at 2nd, 5-4 (Groundball, 56)
Batting: RHB Mark Sawyer 0-0: Ball
Wild Pitch!
Manuel Ángel to second
1-0: Ground out 4-3 (Groundball, 4M)
Manuel Ángel to third
Batting: RHB Shou-chien Luo 0-0: Called Strike
0-1: Ball
1-1: Foul Ball, location: 2F
1-2: Ball
2-2: Ground out 1-3 (Groundball, 13S)
Bottom of the 5th over - 0 runs, 0 hits, 0 errors, 1 left on base; Atlantic City 0 - Chesapeake 1
TOP OF THE 6TH
Atlantic City Sonics batting - Pitching for Chesapeake Continentals : LHP Noe Toepfer
Batting: LHB António Casas 0-0: Called Strike
0-1: Ball
1-1: Ball
2-1: Swinging Strike
2-2: Ball
3-2: Ground out 4-3 (Groundball, 34D)
Batting: LHB Scotty Mitchell 0-0: Foul Ball, location: 2F
0-1: Ball
1-1: Called Strike
1-2: Strikes out swinging
Batting: RHB Toyozo Yamasaki 0-0: Ball
1-0: Ball
2-0: Called Strike
2-1: Foul Ball, location: 2F
2-2: Strikes out swinging
Top of the 6th over - 0 runs, 0 hits, 0 errors, 0 left on base; Atlantic City 0 - Chesapeake 1
BOTTOM OF THE 6TH
Chesapeake Continentals batting - Pitching for Atlantic City Sonics : LHP Ron Fernández
Batting: RHB Tony Calhoun 0-0: Called Strike
0-1: Ball
1-1: Called Strike
1-2: Ball
2-2: Fly out, F9 (Flyball, 9S)
Batting: RHB Phil Oostermeer 0-0: Ground out 5-3 (Groundball, 5)
Batting: RHB Santiago Valentín 0-0: Ball
1-0: Foul Ball, location: 2F
1-1: Ball
2-1: Ball
3-1: Base on Balls
Batting: RHB Gil Andersen 0-0: Ball
1-0: Called Strike
1-1: Ball
2-1: Ball
3-1: Ground out 1-3 (Groundball, 13S)
Bottom of the 6th over - 0 runs, 0 hits, 0 errors, 1 left on base; Atlantic City 0 - Chesapeake 1
TOP OF THE 7TH
Atlantic City Sonics batting - Pitching for Chesapeake Continentals : LHP Noe Toepfer
Batting: RHB Kendrick Drumgoole 0-0: Called Strike
0-1: Ball
1-1: Swinging Strike
1-2: Ball
2-2: Fly out, F5 (Line Drive, 5L)
Batting: RHB Jeff Quesenberry 0-0: Ball
1-0: Swinging Strike
1-1: Ground out 1-3 (Groundball, 15)
Batting: RHB John Willoughby 0-0: Ball
1-0: Foul Ball, location: 2F
1-1: Ball
2-1: Ball
3-1: Foul Ball, location: 2F
3-2: Ground out 5-3 (Groundball, 5)
Top of the 7th over - 0 runs, 0 hits, 0 errors, 0 left on base; Atlantic City 0 - Chesapeake 1
BOTTOM OF THE 7TH
Chesapeake Continentals batting - Pitching for Atlantic City Sonics : LHP Ron Fernández
Batting: LHB Raphaël Duval 0-0: Foul Ball, location: 2F
0-1: Called Strike
0-2: Ball
1-2: Ground out U3 (Groundball, 3L)
Batting: RHB Nick Bechtel 0-0: Fly out, F8 (Line Drive, 8LD)
Batting: RHB Manuel Ángel 0-0: Fly out, F8 (Flyball, 89XD)
Bottom of the 7th over - 0 runs, 0 hits, 0 errors, 0 left on base; Atlantic City 0 - Chesapeake 1
TOP OF THE 8TH
Atlantic City Sonics batting - Pitching for Chesapeake Continentals : LHP Noe Toepfer
Now in CF: Román Sánchez
Batting: RHB Alejandro Sánchez 0-0: Ball
1-0: Ball
2-0: Ground out 6-3 (Groundball, 6)
Pitching: RHP Kent Randall
Batting: RHB Gary Jenkins 0-0: SINGLE (Line Drive, 4D)
Batting: LHB Bryce Abood 0-0: Ball
1-0: Called Strike
1-1: Ball
2-1: Swinging Strike
2-2: Hit by Pitch
Gary Jenkins to second
Batting: LHB António Casas 0-0: Called Strike
0-1: Called Strike
0-2: Foul Ball, location: 2F
0-2: Ball
1-2: Ball
2-2: Foul Ball, location: 2F
2-2: Foul Ball, location: 2F
2-2: Strikes out swinging
Batting: LHB Scotty Mitchell 0-0: Ball
1-0: Called Strike
1-1: Called Strike
1-2: Ball
2-2: Strikes out swinging
Top of the 8th over - 0 runs, 1 hit, 0 errors, 2 left on base; Atlantic City 0 - Chesapeake 1
BOTTOM OF THE 8TH
Chesapeake Continentals batting - Pitching for Atlantic City Sonics : LHP Ron Fernández
Batting: RHB Mark Sawyer 0-0: Called Strike
0-1: Called Strike
0-2: Fly out, F8 (Line Drive, 8LXD)
Batting: RHB Shou-chien Luo 0-0: SOLO HOME RUN (Line Drive, 7D), Distance : 401 ft
Batting: RHB Tony Calhoun 0-0: Ball
1-0: Foul Ball, location: 2F
1-1: Foul Ball, location: 2F
1-2: Ground out 6-3 (Groundball, 6)
Batting: RHB Phil Oostermeer 0-0: Ball
1-0: Ball
2-0: Called Strike
2-1: Ground out 4-3 (Groundball, 4)
Bottom of the 8th over - 1 run, 1 hit, 0 errors, 0 left on base; Atlantic City 0 - Chesapeake 2
TOP OF THE 9TH
Atlantic City Sonics batting - Pitching for Chesapeake Continentals : RHP Kent Randall
Pitching: RHP Tom King
Batting: RHB Toyozo Yamasaki 0-0: Ball
1-0: Swinging Strike
1-1: Foul Ball, location: 2F
1-2: Ball
2-2: Ball
3-2: TRIPLE (Line Drive, 7D)
Batting: RHB Kendrick Drumgoole 0-0: Ball
1-0: Ball
2-0: Fly out, F8 (Flyball, 8LD)
Runner from 3rd tags up, SCORES, no throw
Batting: RHB Jeff Quesenberry 0-0: Called Strike
0-1: Ball
1-1: Ball
2-1: Foul Ball, location: 2F
2-2: Ball
3-2: Foul Ball, location: 2F
3-2: SINGLE (Groundball, 3) (infield hit)
Batting: RHB John Willoughby 0-0: Ball
1-0: 2-RUN HOME RUN (Flyball, 7D), Distance : 383 ft
Pitching: LHP Nicolas Michel
Batting: RHB Alejandro Sánchez 0-0: Ball
1-0: Ball
2-0: Called Strike
2-1: Ball
3-1: SINGLE (Flyball, 89M)
Pinch Hitting: RHB Dam Son 0-0: 2-RUN HOME RUN (Flyball, 78XD), Distance : 417 ft
Pitching: RHP Mike Marsh
Batting: LHB Bryce Abood 0-0: Swinging Strike
0-1: Ball
1-1: Called Strike
1-2: Ball
2-2: Ball
3-2: Fly out, F8 (Flyball, 8LS)
Batting: LHB António Casas 0-0: Foul Ball, location: 2F
0-1: SINGLE (Groundball, 25) (infield hit)
Batting: LHB Scotty Mitchell Pickoff Throw to First - Error! E1
António Casas to second
0-0: Called Strike
0-1: Ball
1-1: Swinging Strike
1-2: Strikes out looking
Top of the 9th over - 5 runs, 6 hits, 1 error, 1 left on base; Atlantic City 5 - Chesapeake 2
BOTTOM OF THE 9TH
Chesapeake Continentals batting - Pitching for Atlantic City Sonics : LHP Ron Fernández
Now in RF: Félix Ellard
Batting: RHB Santiago Valentín 0-0: Foul Ball, location: 2F
0-1: Ball
1-1: Swinging Strike
1-2: Ground out 5-3 (Groundball, 56S)
Batting: RHB Román Sánchez 0-0: Called Strike
0-1: Foul Ball, location: 2F
0-2: Ball
1-2: Ball
2-2: Fly out, F6 (Line Drive, 6)
Batting: LHB Raphaël Duval 0-0: Swinging Strike
0-1: Fly out, F8 (Flyball, 8LXD)
Bottom of the 9th over - 0 runs, 0 hits, 0 errors, 0 left on base; Atlantic City 5 - Chesapeake 2
Friday, March 29th, 2019 - OOTP Baseball 18.8 Build 76